 Dungeon Crawl Stone Soup version 0.27.1-4-g1640c2035a (webtiles) character file.

Game seed: 2408965408504887292

15972 Johnny the Fencer (level 12, -13/103 HPs)
             Began as a Human Berserker on Nov 1, 2021.
             Was a High Priest of Trog.
             Mangled by a death knight (34 damage)
             ... on level 12 of the Dungeon.
             The game lasted 00:13:59 (16407 turns).

Johnny the Fencer (Human Berserker)                Turns: 16407, Time: 00:13:59

Health: -13/103    AC: 12    Str: 24    XL:     12   Next: 64%
Magic:  12/12      EV: 10    Int:  7    God:    Trog [*****.]
Gold:   188        SH:  0    Dex: 12    Spells: 11/11 levels left

rFire    . . .     SeeInvis .   I - +4 long sword
rCold    . . .     Faith    .   (no shield)
rNeg     . . .     Spirit   .   v - +1 scale mail {Will+}
rPois    .         Reflect  .   (no helmet)
rElec    .         Harm     .   y - scarf {repulsion}
rCorr    .         Rampage  .   l - +0 pair of gloves
Will     +....                  (no boots)
Stlth    ..........             w - amulet of the acrobat
HPRegen  0.27/turn              L - +4 ring of protection
MPRegen  0.13/turn              K - +4 ring of slaying

@: about to teleport, on berserk cooldown, slowed, studying 4 skills, repel
missiles, very slow
A: no striking features
a: Renounce Religion, Berserk, Trog's Hand, Brothers in Arms


You were on level 12 of the Dungeon.
You worshipped Trog.
Trog was extremely pleased with you.
You visited 3 branches of the dungeon, and saw 14 of its levels.
You also visited: Trove.

You collected 688 gold pieces.
You spent 500 gold pieces at shops.

Inventory:

Hand Weapons
 n - a +0 dagger of draining
 I - a +4 long sword (weapon)
Armour
 l - a +0 pair of gloves (worn)
 v - a +1 scale mail of willpower (worn)
 y - a scarf of repulsion (worn)
 E - a +2 ring mail of willpower
Jewellery
 e - a ring of willpower
 f - a ring of resist corrosion
 p - a ring of poison resistance
 w - an amulet of the acrobat (around neck)
 K - a +4 ring of slaying (right hand)
 L - a +4 ring of protection (left hand)
 M - a +6 ring of strength
 N - an amulet of faith
 O - a ring of positive energy
Wands
 s - a wand of paralysis (13)
 B - a wand of mindburst (5)
 C - a wand of flame (25)
Scrolls
 c - 2 scrolls of silence
 g - a scroll of magic mapping
 j - a scroll of immolation
 k - 7 scrolls of teleportation
 t - 4 scrolls of enchant armour
 A - 2 scrolls of noise
 D - 2 scrolls of amnesia
 G - 2 scrolls of torment
 H - 3 scrolls of holy word
 J - 2 scrolls of blinking
Potions
 a - a potion of lignification
 b - a potion of mutation
 d - 2 potions of resistance
 h - a potion of degeneration
 i - 4 potions of haste
 m - 3 potions of heal wounds
 o - a potion of flight {unknown}
 q - 7 potions of curing
 r - a potion of might
 u - a potion of ambrosia {unknown}
 x - 3 potions of brilliance {unknown}
 z - 3 potions of invisibility {unknown}
 F - a potion of magic {unknown}


   Skills:
 + Level 12.3 Fighting
 + Level 16.3 Long Blades
 - Level 2.0 Armour
 - Level 2.0 Dodging


You had 11 spell levels left.
You didn't know any spells.
Your spell library was empty.

Dungeon Overview and Level Annotations

Branches:
Dungeon (12/15)            Temple (1/1) D:5            Lair (1/6) D:11
    Orc (0/2) D:10

Altars:
Ashenzari
Dithmenos
Fedhas
Gozag
Hepliaklqana
Makhleb
Nemelex Xobeh
Qazlal
Ru
Sif Muna
Trog
Uskayaw
Vehumet
Xom
Yredelemnul
Zin

Shops:
D:3 !=:   D:7 [   D:9 [   D:10 ?

Annotations:
D:11 Erolcha


Message History

You hit the skeletal warrior but do no damage.
The skeletal warrior is heavily damaged.
The skeletal warrior hits you with a +0 glaive!
Your scale mail prevents you from hitting the skeletal warrior.
The skeletal warrior is heavily damaged.
You closely miss the skeletal warrior.
The skeletal warrior is heavily damaged.
You slice the skeletal warrior!!
The skeletal warrior is almost destroyed.
The skeletal warrior closely misses you.
You closely miss the skeletal warrior.
The skeletal warrior is almost destroyed.
You slash the skeletal warrior!
You destroy the skeletal warrior!
Trog accepts your kill.
You closely miss the komodo dragon.
You hit the komodo dragon but do no damage.
The komodo dragon bites you!!
You slice the komodo dragon!!
The komodo dragon is severely wounded.
A phantasmal warrior comes into view.
You slash the komodo dragon!
You kill the komodo dragon!
Trog accepts your kill. The death knight misses you.
The phantasmal warrior hits you!!
Things that are here:
a +0 glaive; a komodo dragon corpse You are too injured to fight recklessly!
You are too injured to fight recklessly!
You feel a strong urge to attack something.
You are no longer berserk.
You are exhausted.
You feel yourself slow down.
The phantasmal warrior blinks!
As you read the scroll of teleportation, it crumbles to dust.
You feel strangely unstable.
The death knight's dark mirror aura disappears.
The phantasmal warrior hits you!!
* * * LOW HITPOINT WARNING * * *
The death knight hits you with a +3 vorpal battleaxe!!
You die...

#..# ##.##
## #..# ..
#########
##.# #.
#.......#
#.. #####.
#.#####.#
##.
#.....###.#
###.# #.
#.W..#
#...# ##
#@####
#.#########
#p# #.#
#...... #)#
#.###.#####
#..ยง.#
#.....#
####.#
####### #.#
###


You could see a death knight and a phantasmal warrior.

Vanquished Creatures
  2 two-headed ogres
  A death knight (D:7)
  A skeletal warrior (D:12)
  Pikel (D:6)
  A deep elf pyromancer (D:12)
  An ugly thing (D:12)
  A manticore (D:12)
  Joseph (D:7)
  Maggie (D:8)
  Psyche (D:8)
  A freezing wraith (D:12)
  2 komodo dragons (D:12)
  An unseen horror (D:10)
  2 trolls
  Prince Ribbit (D:7)
  Grinder (D:6)
  A hornet (D:10)
  A shadow (D:9)
  4 wyverns
  6 yaks
  Grum (D:8)
  A wraith (D:10)
  Eustachio (D:5)
  A steam dragon (D:7)
  2 basilisks
  2 wargs (D:10)
  Menkaure (D:4)
  4 water moccasins
  Duvessa (D:5)
  6 orc warriors
  3 ice beasts
  2 sky beasts
  5 ogres
  3 wolves (D:8)
  2 centaurs
  A bullfrog (D:6)
  11 kobold brigands
  Blork the orc (D:5)
  5 scorpions
  Dowan (D:5)
  A water moccasin zombie (D:6)
  12 killer bees
  6 wights (D:9)
  3 electric eels
  3 centaur zombies
  4 hounds
  2 bullfrog zombies (D:5)
  A jelly (D:4)
  Crazy Yiuf (D:4)
  4 orc priests
  2 centaur skeletons (D:6)
  4 gnoll shamans
  2 bullfrog skeletons
  7 iguanas
  Ijyb (D:4)
  9 orc wizards
  6 adders
  12 gnolls
  A howler monkey skeleton (D:4)
  A shadow imp (D:6)
  A white imp (D:6)
  2 ufetubi
  2 adder skeletons (D:4)
  A worm (D:4)
  A dart slug (D:1)
  32 orcs
  2 ball pythons
  8 endoplasms
  5 giant cockroaches
  2 hobgoblins
  13 jackals
  A quokka (D:2)
  4 bats
  5 frilled lizards
  12 goblins
  41 kobolds
  6 rats
305 creatures vanquished.

Vanquished Creatures (others)
  An orc wizard (D:5)
  A gnoll (D:5)
  An orc (D:8)
  14 fungi
  8 plants
25 creatures vanquished.

Grand Total: 330 creatures vanquished

Notes
Turn   | Place    | Note
-------+----------+-------------------------------------------
     0 | D:1      | Johnny the Human Berserker began the quest for the Orb.
     0 | D:1      | Reached XP level 1. HP: 18/18 MP: 1/1
   473 | D:1      | Reached XP level 2. HP: 16/24 MP: 2/2
  1187 | D:1      | Reached XP level 3. HP: 29/29 MP: 3/3
  1565 | D:2      | Reached skill level 4 in Long Blades
  1996 | D:2      | Reached ** piety under Trog
  2172 | D:3      | Reached XP level 4. HP: 16/28 MP: 4/4
  2277 | D:3      | Found a faded altar of an unknown god.
  2502 | D:3      | Reached XP level 5. HP: 30/32 MP: 5/5
  2729 | D:3      | Found Jehaulup's Distillery.
  2735 | D:3      | Bought a potion of curing for 33 gold pieces
  2735 | D:3      | Bought 2 potions of heal wounds for 110 gold pieces
  2739 | D:3      | Found Fugyost's Book Shoppe.
  2759 | D:3      | Found Ysoer's Jewellery Boutique.
  2889 | D:4      | Reached skill level 5 in Long Blades
  2892 | D:4      | Reached XP level 6. HP: 37/47 MP: 6/6
  3500 | D:4      | Reached skill level 6 in Long Blades
  3625 | D:4      | You fall into a shaft and drop 1 floor!
  3625 | D:5      | Entered Level 5 of the Dungeon
  3680 | D:5      | Noticed an ogre
  3696 | D:5      | Killed an ogre
  3697 | D:5      | Reached XP level 7. HP: 28/55 MP: 7/7
  3704 | D:5      | Reached skill level 5 in Fighting
  3907 | D:5      | Found a staircase to the Ecumenical Temple.
  4022 | D:6      | Noticed Grinder
  4045 | D:6      | Killed Grinder
  4046 | D:6      | Reached skill level 7 in Long Blades
  4098 | D:6      | Reached XP level 8. HP: 63/63 MP: 8/8
  4393 | D:6      | Reached skill level 8 in Long Blades
  4596 | D:6      | Noticed Pikel
  4626 | D:6      | Killed Pikel
  4627 | D:6      | Reached skill level 9 in Long Blades
  4627 | D:6      | Reached XP level 9. HP: 71/71 MP: 9/9
  4756 | D:5      | Noticed Duvessa
  4756 | D:5      | Noticed Dowan
  4766 | D:5      | Killed Duvessa
  4775 | D:5      | Killed Dowan
  4950 | D:5      | Noticed Blork the orc
  4966 | D:5      | Killed Blork the orc
  4967 | D:5      | Reached skill level 10 in Long Blades
  5130 | D:5      | Reached *** piety under Trog
  5140 | Temple   | Entered the Ecumenical Temple
  5498 | D:5      | Found a blossoming altar of Fedhas.
  5527 | D:5      | Noticed Eustachio
  5565 | D:5      | Killed Eustachio
  5973 | D:4      | Noticed Menkaure
  5981 | D:4      | Killed Menkaure
  6043 | D:4      | Found a runed translucent door.
  6044 | D:4      | Noticed Crazy Yiuf
  6275 | D:4      | Noticed Ijyb
  6291 | D:4      | Killed Ijyb
  6448 | D:4      | Found a shadowy altar of Dithmenos.
  6563 | D:4      | Killed Crazy Yiuf
  7098 | D:6      | Reached XP level 10. HP: 70/80 MP: 10/10
  7099 | D:6      | Reached skill level 11 in Long Blades
  7341 | D:7      | Noticed a death knight
  7362 | D:7      | Killed a death knight
  7819 | D:7      | Noticed Joseph
  7841 | D:7      | Killed Joseph
  8023 | D:7      | Reached skill level 12 in Long Blades
  8254 | D:7      | Found Magetauch's Armour Shoppe.
  8953 | D:7      | Noticed Prince Ribbit
  8981 | D:7      | Killed Prince Ribbit
  9644 | D:8      | Noticed Grum
  9666 | D:8      | Killed Grum
  9667 | D:8      | Reached XP level 11. HP: 89/89 MP: 11/11
  9891 | D:8      | Noticed a two-headed ogre
  9902 | D:8      | Killed a two-headed ogre
  9903 | D:8      | Reached skill level 13 in Long Blades
 10057 | D:8      | Found a shimmering altar of Xom.
 10057 | D:8      | Found a radiant altar of Vehumet.
 10153 | D:8      | Noticed Maggie
 10186 | D:8      | Killed Maggie
 10187 | D:8      | Reached skill level 10 in Fighting
 10441 | D:8      | Identified the +0 leather armour of Cheibriados's Pride
                  | {+Inv rCorr Str-2 Int+3}
 10543 | D:8      | Reached **** piety under Trog
 10650 | D:8      | Noticed Psyche
 10652 | D:8      | Found a glowing silver altar of Zin.
 10725 | D:8      | Killed Psyche
 11330 | D:9      | Found Wonirchi's Antique Armour Boutique.
 11336 | D:9      | Bought a glowing scarf for 208 gold pieces
 12098 | D:9      | Found a sparkling altar of Nemelex Xobeh.
 12230 | D:10     | Entered Level 10 of the Dungeon
 12527 | D:10     | Reached skill level 14 in Long Blades
 12731 | D:10     | Found a burning altar of Makhleb.
 12731 | D:10     | Noticed a balrug
 13521 | D:10     | Found a staircase to the Orcish Mines.
 13808 | D:10     | Found Falew's Magic Scroll Shop.
 13817 | D:10     | Bought a scroll of identify for 26 gold pieces
 13817 | D:10     | Bought a scroll of identify for 26 gold pieces
 13817 | D:10     | Bought a scroll of blinking for 97 gold pieces
 13897 | D:10     | Found a stormy altar of Qazlal.
 13946 | D:11     | Found a staircase to the Lair.
 13946 | D:11     | Noticed an elephant
 13964 | D:10     | Reached XP level 12. HP: 61/98 MP: 12/12
 14347 | D:11     | Noticed a two-headed ogre
 14356 | D:10     | Killed a two-headed ogre
 14357 | D:10     | Reached skill level 15 in Long Blades
 14703 | D:11     | Found a portal to a secret trove of treasure.
 14711 | D:11     | You paid a toll of 6 scrolls of blinking to enter a
                  | treasure trove
 14712 | Trove    | Entered a treasure trove
 14937 | D:11     | Noticed Erolcha
 14958 | Lair:1   | Entered Level 1 of the Lair of Beasts
 14972 | Lair:1   | Noticed a five-headed hydra
 16034 | D:12     | Reached ***** piety under Trog
 16193 | D:12     | Reached skill level 16 in Long Blades
 16381 | D:12     | Noticed a skeletal warrior
 16387 | D:12     | Noticed a death knight
 16399 | D:12     | Killed a skeletal warrior
 16407 | D:12     | Mangled by a death knight

Illustrated notes

Levels and vault maps discovered:
D:1:      kilobyte_arrival_exit_the_forest, layout_basic, lemuel_another_geyser
D:2:      layout_basic, minmay_tromino_i4
D:3:      layout_rooms, serial_shops, nicolae_square_shop,
          nicolae_shop_waterfront, nicolae_lakefront_shop,
          dreamdust_ecumenical_altar_grove, grunt_decor_fettered
D:4:      kennysheep_goblin_castle, layout_rooms, kennysheep_mini,
          uniq_crazy_yiuf_cottage, uniq_menkaure
D:5:      layout_basic, fedhas_altar_3, minmay_temple_entry_grid,
          corexii_hall_statues_x, uniq_eustachio, uniq_blork_the_orc,
          uniq_duvessa
D:6:      layout_gridville, minmay_misc_feat_nine_boxes,
          amcnicky_mini_pool_medium, uniq_grinder, uniq_pikel
D:7:      layout_layer_cave, serial_shops, nicolae_shop_stone, uniq_joseph,
          uniq_prince_ribbit1
D:8:      layout_loops_corners, mainiacjoe_overflow_brackets,
          gammafunk_temple_overflow_elements, uniq_grum, uniq_maggie,
          uniq_psyche
D:9:      layout_rooms, nemelex_altar_shiori, serial_shops, shop_fountains
D:10:     layout_rooms, makhleb_altar_promises_db, kennysheep_mini_moat,
          erik_orc_4, serial_shops, nicolae_stop_n_shop_2, minmay_misc_feat_x
D:11:     layout_long_grid, david_lair_generic, enter_trove_2, uniq_erolcha
D:12:     kennysheep_seaside_town, layout_basic
Temple:   eino_narrow_crystal_temple
Lair:1:   layout_hall_layers, dpeg_stationary_puzzle, uniq_sonja

Skill      XL: |  1  2  3  4  5  6  7  8  9 10 11 12 |
---------------+-------------------------------------+-----
Long Blades    | 4 5 6 7 9 10 12 14 16 | 16.3
Fighting       | 4 5 6 8 9 10 12 | 12.3
Armour         | |  2.0
Dodging        | |  2.0

Action                   |  1- 3 |  4- 6 |  7- 9 | 10-12 || total
-------------------------+-------+-------+-------+-------++-------
Melee: Falchion          |   104 |    13 |       |    29 ||   146
       Dagger            |       |   174 |   428 |   552 ||  1154
       Long sword        |       |       |       |   277 ||   277
Invok: Berserk           |     2 |     2 |    10 |    28 ||    42
       Trog's Hand       |       |     1 |     4 |    14 ||    19
Evoke: Wand              |       |       |     3 |    27 ||    30
  Use: Scroll            |       |       |     6 |    13 ||    19
       Potion            |       |       |     3 |       ||     3
 Stab: Sleeping          |     1 |       |       |       ||     1
Armor: Animal skin       |     6 |       |       |       ||     6
       Plate armour      |    85 |   137 |    98 |       ||   320
       Scale mail        |       |       |   143 |   313 ||   456
Dodge: Dodged            |    57 |    57 |   185 |   375 ||   674
       Rpst.: Falchion   |    22 |     2 |       |     1 ||    25
       Long sword        |       |       |       |    36 ||    36
